 Dungeon Crawl Stone Soup version 0.23-b1-6-ga921848b48 (webtiles) character file.

Game seed: 7403425758820525141

307 Ihlosi the Skirmisher (level 6, -1/38 HPs)
             Began as a Kobold Fighter on Feb 1, 2019.
             Slain by an ogre
             ... wielding a cursed +0 giant club
              (20 damage)
             ... on level 4 of the Dungeon.
             The game lasted 00:08:10 (4399 turns).

Ihlosi the Skirmisher (Kobold Fighter)              Turns: 4399, Time: 00:08:11

Health: -1/38      AC:  7    Str: 18    XL:     6   Next: 68%
Magic:  7/7        EV: 10    Int: 10    God:
Gold:   251        SH:  9    Dex: 14    Spells: 5/5 levels left

rFire    . . .     SeeInvis .   a - +0 flail
rCold    . . .     Gourm    .   c - +0 shield
rNeg     . . .     Faith    .   b - +1 scale mail
rPois    .         Spirit   .   (no helmet)
rElec    .         Reflect  .   (no cloak)
rCorr    .         Harm     .   (no gloves)
MR       .....                  (no boots)
Stlth    ..........             (no amulet)
HPRegen  0.12/turn              e - +3 ring of strength
MPRegen  0.10/turn              (no ring)

@: no status effects
A: small, carnivore
a: no special abilities


You were on level 4 of the Dungeon.
You were not hungry.

You visited 1 branch of the dungeon, and saw 4 of its levels.

You collected 251 gold pieces.

Inventory:

Hand Weapons
 a - a +0 flail (weapon)
Missiles
 p - 3 needles of sleeping
 v - 57 bolts
 x - 2 throwing nets (quivered)
Armour
 b - a +1 scale mail (worn)
 c - a +0 shield (worn)
Jewellery
 e - a +3 ring of strength (left hand)
Wands
 o - a wand of iceblast (6)
Scrolls
 g - a scroll of teleportation {unknown}
 i - a scroll of magic mapping
 j - a scroll of amnesia {unknown}
 k - a scroll of random uselessness
 l - 2 scrolls of immolation {unknown}
 n - 2 scrolls of fog {unknown}
 q - a scroll of enchant armour
 r - a scroll of noise {unknown}
 w - a scroll of blinking {unknown}
 y - a scroll of fear {unknown}
Potions
 d - a potion of might
 m - 2 potions of curing
 s - a potion of lignification
 t - a potion of magic
 z - a potion of heal wounds
 A - a potion of brilliance
Comestibles
 f - 10 rations


   Skills:
 * Level 4.2 Fighting
 * Level 3.6 Maces & Flails
 * Level 3.2 Armour
 * Level 1.8 Dodging
 * Level 3.2 Shields
 * Level 1.8 Evocations


You had 5 spell levels left.
You didn't know any spells.
Your spell library was empty.

Dungeon Overview and Level Annotations

Branches:
Dungeon (4/15)
 Temple: D:4-7

Altars:
Ashenzari
Dithmenos
Gozag
Hepliaklqana
Nemelex Xobeh
Trog
Uskayaw
Vehumet
Xom
Zin

Shops:
D:4 *


Innate Abilities, Weirdness & Mutations

You are small and have problems with some larger weapons.
You are carnivorous and can eat meat at any time.


Message History

You now have 251 gold pieces (gained 7).
You see here 22 stones.
The ogre is too close now for your liking.
The ogre hits you with a cursed +0 giant club!!
Ouch! That really hurt!
Found a war axe.
You hit the ogre.
The ogre is lightly wounded.
The ogre hits you but does no damage.
You completely miss the ogre.
The ogre is lightly wounded.
You block the ogre's attack.
You thump the ogre!
The ogre is heavily wounded.
The ogre barely misses you.
You hit the ogre.
The ogre is severely wounded.
The ogre hits you with a cursed +0 giant club!!
Ouch! That really hurt!
You die...

#.## ##[#.####
##.###.##.#
##(..###.###########
#...# #.....(.....#
#...###.#########.# ..
#........# #.#
....###..###..########.#
..)....O..).^......)....
....###@............##.#
..............#.###.##.#
.....##.###..##.# #.##.#
#. ####.##.###..##.#
#.##.# #.#
#.##......##.###.....
#.#
#.#####...<.........#
#.# #.# #.##.#.########
#.# #.# #.##.#.## #.#
#.#####.##....##


You could see an ogre.

Vanquished Creatures
  3 orc wizards
  An iguana (D:4)
  4 gnolls (D:3)
  4 adders
  2 oozes
  A worm (D:3)
  4 dart slugs
  4 leopard geckos
  6 orcs
  2 ball pythons
  8 bats
  7 giant cockroaches
  10 goblins
  10 hobgoblins
  7 jackals
  3 frilled lizards
  7 kobolds
  11 rats
94 creatures vanquished.

Vanquished Creatures (others)
  A bat (D:2)
1 creature vanquished.

Grand Total: 95 creatures vanquished

Notes
Turn   | Place    | Note
-------+----------+-------------------------------------------
     0 | D:1      | Ihlosi the Kobold Fighter began the quest for the Orb.
     0 | D:1      | Reached XP level 1. HP: 14/14 MP: 1/1
   124 | D:1      | Reached XP level 2. HP: 19/19 MP: 2/2
   541 | D:1      | Reached XP level 3. HP: 23/23 MP: 3/3
   810 | D:2      | Reached skill level 1 in Dodging
  1269 | D:2      | Reached XP level 4. HP: 28/28 MP: 4/4
  1495 | D:2      | Noticed an angel
  1497 | D:2      | Found a glowing silver altar of Zin.
  1498 | D:2      | Found a shimmering altar of Xom.
  1590 | D:2      | Found an opulent altar of Gozag.
  2234 | D:3      | Reached skill level 1 in Evocations
  2234 | D:3      | Reached XP level 5. HP: 32/33 MP: 5/5
  2472 | D:3      | Found a sparkling altar of Nemelex Xobeh.
  2476 | D:3      | Found a hazy altar of Hepliaklqana.
  2480 | D:3      | Found a hide-covered altar of Uskayaw.
  2487 | D:3      | Found a bloodstained altar of Trog.
  2487 | D:3      | Found a radiant altar of Vehumet.
  2487 | D:3      | Found a shattered altar of Ashenzari.
  2492 | D:3      | Found a shadowy altar of Dithmenos.
  2575 | D:3      | Reached skill level 4 in Fighting
  3022 | D:3      | Found a bloodstained altar of Trog.
  3279 | D:3      | Reached XP level 6. HP: 8/38 MP: 7/7
  3545 | D:4      | Found Raocw's Assorted Antiques.
  4036 | D:4      | Noticed an ogre
  4399 | D:4      | Slain by an ogre

Skill      XL: |  1  2  3  4  5 |
---------------+----------------+-----
Maces & Flails | 2 3 |  3.6
Dodging        | 1 |  1.8
Shields        | 3 |  3.2
Evocations     | 1 |  1.8
Fighting       | 4 |  4.2
Armour         | 3 |  3.2

Action                   |  1- 3 |  4- 6 || total
-------------------------+-------+-------++-------
Melee: Flail             |   106 |   200 ||   306
Evoke: Wand              |       |     2 ||     2
  Use: Scroll            |       |     9 ||     9
  Eat: Chunk             |     8 |     4 ||    12
Armor: Scale mail        |    52 |    74 ||   126
Dodge: Dodged            |    53 |    87 ||   140
Block: Shield            |    57 |   106 ||   163
